Towet, chaotic male elven Priest ------- |....<-## |.....|### --- |......# # |. -|--.-- ### |.---- % |.|.. ### |.|. # |.-|-- ### |....| # # |.{..- -- ----- - - ------- #### %..........-..| |.....>.... # |%%..- -- | | |...%......- ## |)- -- ----- |....... ## |.| .|[). |. .... # |.| ----.-. | ......... ####-.| |....| |......... |.----.?.u----- --------- | ---------- |a.@.%r@r.......................| --------------------------------- Towet the Adept Experience level: 7 Strength: 16 Dexterity: 13 Constitution: 16 Intelligence: 9 Wisdom: 15 Charisma: 8 Health: 0(47) Energy: 103(118) Def: 7 Gold: 299 Moves: 3057 Dungeon seed: QmEos4aqM9bxRsw4 Game ID: Towet_1614943085 Your Inventory: Coins $ - 299 gold pieces Weapons a - a blessed +1 mace (weapon in hand) k - a +0 bow (alternate weapon; not wielded) V - 12 blessed +1 darts Z - 6 +0 arrows (in quiver) Armor e - a +0 robe (being worn) n - a +0 small shield (being worn) r - a +1 pair of gauntlets of dexterity (being worn) J - a +0 pair of speed boots (being worn) L - a blessed +0 orcish helm (being worn) Comestibles c - a clove of garlic d - a sprig of wolfsbane T - 2 food rations Scrolls j - a cursed scroll of genocide N - a cursed scroll of confuse monster P - a cursed scroll of enchant weapon Q - a cursed scroll of remove curse Spellbooks l - a spellbook of light m - a spellbook of remove curse S - a spellbook of clairvoyance U - a spellbook of levitation Potions o - 11 potions of holy water Rings s - a cursed +5 ring of increase damage t - a cursed ring of teleportation Wands b - a cursed wand of speed monster (0:2) D - a wand of probing (0:7) Y - a cursed wand of probing (0:4) Tools f - a cursed magic marker (0:83) M - an oilskin sack O - a cursed blindfold R - a skeleton key W - 6 blessed wax candles (0:400) Gems g - a cursed agate stone h - a cursed worthless piece of red glass i - 2 cursed worthless pieces of yellowish brown glass q - 2 worthless pieces of blue glass y - 2 cursed worthless pieces of green glass z - a cursed worthless piece of orange glass Contents of the oilskin sack: 1269 gold pieces 3 cursed food rations a cursed scroll of amnesia a cursed scroll of blank paper a cursed scroll of genocide a scroll of gold detection a scroll of identify a cursed scroll of identify a scroll of stinking cloud a blessed scroll of taming 2 scrolls of teleportation a spellbook of extra healing a spellbook of healing a spellbook of identify a spellbook of magic missile a spellbook of protection a potion of full healing a cursed potion of healing a potion of oil a cursed lock pick 9 tallow candles (0:200) a cursed amethyst stone a fluorite stone a worthless piece of black glass 4 worthless pieces of blue glass a worthless piece of green glass 2 worthless pieces of white glass 2 cursed worthless pieces of white glass a worthless piece of yellow glass Spells and supernatural/magical abilities: Name Level Category Fail Memory h - healing 1 healing 0% 85% m - magic missile 2 attack 59% 85% p - protection 1 clerical 0% 95% I - identify 3 divination 97% 85% W - pray for help -- divine ? -- X - turn undead -- divine ? -- Your skills at the end: Fighting Skills Weapon Skills mace [Basic] Spellcasting Skills clerical spells [Basic] Final Attributes: You were piously aligned. You were sleep resistant. You had infravision. You were very fast. You are dead. Vanquished creatures: 2 ghosts 4 Uruk-hai a rock mole 4 ponies a violet fungus 5 gnome lords a gnomish wizard 3 little dogs a kitten 4 dwarves a kobold lord a rabid rat a giant bat a wererat an iguana 2 killer bees an acid blob 2 coyotes 3 hobbits a hobgoblin 2 giant rats 4 cave spiders a yellow mold 14 gnomes 5 garter snakes a gecko 8 jackals 2 foxes 2 goblins 2 sewer rats 7 grid bugs 4 bats 2 lichens 3 kobold zombies 6 newts 103 creatures vanquished. Voluntary challenges: You used a wielded weapon 126 times, starting on turn 16. You read items or engraved 7 times, starting on turn 19. You never genocided any monsters. You never polymorphed an object. You never changed form. You used no wishes. You never split a pudding. You never wrote Elbereth's name. You never violated your personal moral code. Dungeon overview: The Dungeons of Doom: levels 1 to 5 Level 1 an altar to Chih Sung-tzu, a fountain a long staircase Level 2 a fountain Level 3 a potion shop stairs to The Gnomish Mines Level 4 some altars to Shan Lai Ching and Huan Ti Level 5 a general store The Gnomish Mines: levels 4 to 6 Level 4 stairs to The Dungeons of Doom Level 5 Level 6 <- You were here a general store, a fountain History has recorded: On T:1 you entered the Dungeons of Doom to retrieve the Amulet of Yendor! On T:351 you advanced to experience level 2. On T:357 you reached level 2 of The Dungeons of Doom. On T:839 you reached level 3 of The Dungeons of Doom. On T:873 you advanced to experience level 3. On T:1238 you reached level 4 of The Dungeons of Doom. On T:1278 you advanced to experience level 4. On T:1644 you reached level 5 of The Dungeons of Doom. On T:1841 you advanced to experience level 5. On T:2123 you reached level 1 of The Gnomish Mines. On T:2524 you reached level 2 of The Gnomish Mines. On T:2536 you advanced to experience level 6. On T:2945 you reached level 3 of The Gnomish Mines. On T:3045 you advanced to experience level 7. Score breakdown: Gold: 1568 (10870 points) Experience: 7 levels (13645 points) Exploration: 6 levels ( 12.50%) ( 9784 points) Discoveries: 8 items ( 2.79%) ( 5008 points) Valuables value: (no points given unless you survive) Artifact value: 0 ( 0 points) Variety of kills: 35 monsters ( 9.19%) ( 9092 points) Turncount: 3057 turns ( -627 points) Survival: died (score multiplied by 80%) Total score: 38217 Latest messages: The wererat hits! The gray unicorn butts! The gray unicorn just misses! The wererat changes into a human. You miss the gray unicorn. The gray unicorn misses. The gray unicorn kicks! The wererat summons help! The wererat hits! You fail to cast the spell correctly. The giant rat misses. The sewer rat bites! The wererat hits! The wererat changes into a rat. You kill the wererat! The magic missile bounces! The magic missile hits you! You die... Final status: Goodbye Towet the Priest, killed by a magic missile... You died in The Gnomish Mines on dungeon level 6 with 38217 points, and 1568 pieces of gold, after 3057 moves. You were level 7 with a maximum of 47 hit points when you died.